 Dungeon Crawl Stone Soup version 0.28-a0-691-gad6df49e81 (webtiles) character file.

Game seed: 10419583120715602171

70 KoroneIsBestGirl the Chiller (level 4, -2/30 HPs)
             Began as a Barachi Ice Elementalist on Oct 21, 2021.
             Killed from afar by an orc wizard (16 damage)
             ... with a puff of flame
             ... on level 3 of the Dungeon.
             The game lasted 00:03:09 (2553 turns).

KoroneIsBestGirl the Chiller (BaIE)                 Turns: 2553, Time: 00:03:10

Health: -2/30      AC:  5    Str:  9    XL:     4   Next: 21%
Magic:  4/8        EV: 12    Int: 17    God:
Gold:   92         SH:  0    Dex: 12    Spells: 5/9 levels left

rFire   x . .      SeeInvis .   c - +2 dagger (protect)
rCold   + . .      Faith    .   (no shield)
rNeg    . . .      Spirit   .   a - +0 robe
rPois   .          Reflect  .   (no helmet)
rElec   .          Harm     .   (no cloak)
rCorr   .          Rampage  .   i - +2 pair of gloves
Will    .....                   (no boots)
Stlth   ++........              (no amulet)
HPRegen 0.10/turn               j - ring of ice
MPRegen 0.11/turn               (no ring)

@: freezing walls, slow
A: amphibious, slowness 1, strong legs 1, +LOS
a: Hop


You were on level 3 of the Dungeon.
You visited 1 branch of the dungeon, and saw 3 of its levels.

You collected 92 gold pieces.

Inventory:

Hand Weapons
 b - a +0 dagger
 c - a +2 dagger of protection (weapon)
Armour
 a - a +0 robe (worn)
 i - a +2 pair of gloves (worn)
Jewellery
 j - a ring of ice (left hand)
Scrolls
 e - a scroll of fog {unknown}
 f - a scroll of teleportation {unknown}
 g - a scroll of blinking {unknown}
 h - a scroll of identify {unknown}
Potions
 d - a potion of lignification {unknown}


   Skills:
 + Level 3.3 Dodging
 - Level 1.7 Stealth
 + Level 3.1 Spellcasting
 + Level 5.5 Ice Magic


You had 5 spell levels left.
You knew the following spells:

 Your Spells              Type           Power      Damage    Failure   Level
a - Freeze                Ice            100%       1d11      1%          1
b - Frozen Ramparts       Ice            64%        1d8       5%          3

Your spell library contained the following spells:

 Spells                   Type           Power      Damage    Failure   Level
 Ozocubu's Armour         Ice            32%        N/A       5%          3
 Shock                    Conj/Air       8%         1d3       17%         1
 Swiftness                Air            2%         N/A       45%         3
 Hailstorm                Conj/Ice       18%        3d6       50%         4
 Airstrike                Air            1%         N/A       86%         4


Dungeon Overview and Level Annotations

Branches:
Dungeon (3/15)

Altars:
Zin


Innate Abilities, Weirdness & Mutations

You are amphibious.
You cover ground slowly.
You can hop short distances.
You have an extended range of vision and can be seen from far away.


Message History

Okay, then.
Your magical contamination has completely faded away.
Magic restored.
Things that are here:
a +0 mace; a +0 falchion; a bat corpse
Things that are here:
a +0 whip; a +0 club; a +0 chain mail No target in view!
Things that are here:
a +0 flail; an orc corpse
Found a stone staircase leading down.
An orc wizard comes into view. It is wielding a +0 dagger.
The orc wizard shouts!
An orc comes into view. It is wielding a +0 dagger.
The orc shouts!
An orc wizard comes into view. It is wielding a +0 dagger.
The orc wizard shouts!
The orc wizard casts a spell at you. You resist with some effort.
The orc wizard mumbles some strange words.
The orc wizard flickers and vanishes!
Deactivating autopickup; reactivate with Ctrl-A.
Casting: Freeze (safe; 1% risk of failure)
Confirm with . or Enter, or press ? or * to list all spells.
Casting: Frozen Ramparts (dangerous; 5% risk of failure)
Press: ? - help, Dir - look around, f - activate You feel a surge of power!
The walls around you are covered in ice.
The wall freezes something.
The wall freezes the orc.
You feel a surge of power!
You freeze the orc!
You kill the orc!
The wall freezes something.
A puff of flame appears from out of thin air!
The puff of flame hits you! The fire burns you terribly!
Ouch! That really hurt!
The wall freezes the orc wizard!
The orc wizard gestures at you while chanting.
The puff of flame hits you! The fire burns you terribly!
Ouch! That really hurt!
You die...

# ..#..#.....#...# ..
.^..#....))...#
..##..#.###)#...## ..
........ #.#....##.
#.###....###.#.......
#....................#
......................
#..###...###.#.......#
+..@# #.#........
.#.####..)# #.#........
...........###.#.......
....###...{o..........>
. #.##..##.#####.#. #.
....... .# #.#.......
#.#.........
#.#..........


You could see an orc wizard.

Vanquished Creatures
  An adder (D:2)
  A dart slug (D:2)
  6 orcs (D:3)
  6 ball pythons
  5 bats
  4 endoplasms
  A goblin (D:2)
  3 hobgoblins
  6 jackals
  5 kobolds
  3 quokkas
  3 frilled lizards
  3 rats
47 creatures vanquished.

Notes
Turn   | Place    | Note
-------+----------+-------------------------------------------
     0 | D:1      | KoroneIsBestGirl the Barachi Ice Elementalist began the
                  | quest for the Orb.
     0 | D:1      | Reached XP level 1. HP: 13/13 MP: 3/3
   237 | D:1      | Reached skill level 5 in Ice Magic
   237 | D:1      | Reached XP level 2. HP: 7/19 MP: 0/5
  1611 | D:2      | Reached XP level 3. HP: 23/24 MP: 5/7
  1691 | D:2      | Learned a level 3 spell: Frozen Ramparts
  1911 | D:2      | Found a glowing silver altar of Zin.
  2442 | D:3      | Reached XP level 4. HP: 30/30 MP: 3/8
  2553 | D:3      | Killed from afar by an orc wizard

Illustrated notes

Levels and vault maps discovered:
D:1:      dpeg_arrival_rooms_a, layout_basic, serial_glass, glass_columns_c,
          glass_columns_c
D:2:      layout_loops_ring, basic_altar, minivault_23
D:3:      minmay_angry_zag, layout_basic, mainiacjoe_overflow_alcove_2,
          mainiacjoe_overflow_surrounded_room, chequers_jeans,
          serial_bayou_pond_e, minmay_box_of_dots, uniq_sigmund, uniq_grinder

Skill      XL: |  1  2  3 |
---------------+----------+-----
Ice Magic      | 5 |  5.5
Dodging        | 3 |  3.3
Spellcasting   | 3 |  3.1
Stealth        | |  1.7

Action                   |  1- 3 |  4- 6 || total
-------------------------+-------+-------++-------
Melee: Dagger            |    30 |       ||    30
 Cast: Freeze            |    49 |     5 ||    54
       Frozen Ramparts   |     2 |     1 ||     3
 Abil: Hop               |     2 |       ||     2
Armor: Robe              |    24 |     2 ||    26
Dodge: Dodged            |    50 |     8 ||    58

Table legend: (Time is in decaauts)
 A = Elapsed time spent in this place.
 B = Non-inter-level travel time spent in this place.
 C = Inter-level travel time spent in this place.
 D = Time resting spent in this place.
 E = Time spent auto-exploring this place.
 F = Levels seen in this place.
 G = Mean time per level.
                   A        B        C        D        E       F      G
               +--------+--------+--------+--------+--------+-----+--------+
         Total |   2774 |   2740 |     34 |     51 |   2385 |   3 |  924.7 |
       Dungeon |   2774 |   2740 |     34 |     51 |   2385 |   3 |  924.7 |
               +--------+--------+--------+--------+--------+-----+--------+

Top non-repeatable levels by time:
     D:1: 1679 daAuts
     D:2: 973 daAuts
     D:3: 121 daAuts
